 Dungeon Sprint DCSS version 0.28.0-53-g5a82cb258f (webtiles) character file.

Game seed: 12622652654755820709

17068 Revguard the Fighter (level 11, -1/103 (105) HPs)
             Began as a Demigod Fighter on Aug 25, 2022.
             Killed from afar by a Brimstone Fiend (44 damage)
             ... with damnation
             ... in the Dungeon (Sprint V: "Ziggurat Sprint").
             The game lasted 00:12:26 (1541 turns).

Revguard the Fighter (Demigod Fighter)              Turns: 1541, Time: 00:12:26

HP:   -1/103 (105)  AC: 33    Str: 21    XL:     11   Next: 87%
MP:   11/14         EV: 11    Int: 17    God:
Gold: 0             SH: 32    Dex: 21    Spells: 10/10 levels left

rFire   . . .      SeeInvis .   G - +9 sword of Zonguldrok {reap}
rCold   + . .      Faith    .   F - +18 shield of the Gong {rElec rN+ Will+ EV-5}
rNeg    + . .      Spirit   .   E - +15 Maxwell's patent armour {-Cast -Tele rElec Will+ rCorr}
rPois   .          Reflect  .   (no helmet)
rElec   +          Harm     .   (no cloak)
rCorr   +          Rampage  .   (no gloves)
Will    ++++.      NoTele   +   x - +1 pair of boots {Fly}
Stlth   .......... NoCast   +   (no amulet)
HPRegen 0.27/turn               t - ring "Goanim" {EV+4 Int+7}
MPRegen 0.14/turn               I - ring "Wewuynwi" {rC+ Will+}

@: mighty, on berserk cooldown, flying, slowed, studying Maces & Flails, lightly
drained, very slow
A: high MP 1, forlorn, divine attributes
a: no special abilities


You were in the Dungeon.
You visited 1 branch

Inventory:

Hand Weapons
 G - the +9 sword of Zonguldrok (weapon) {reap}
   (You found it in the Dungeon)

   Any living foe damaged by it may be reanimated upon death as a zombie
   friendly to the wielder, with an increasing chance as more damage is dealt.
Armour
 x - a +1 pair of boots of flying (worn)
 E - the +15 Maxwell's patent armour (worn) {-Cast -Tele rElec Will+ rCorr}
   (You found it in the Dungeon)

   rElec:     It insulates you from electricity.
   -Cast:     It prevents spellcasting.
   -Tele:     It prevents most forms of teleportation.
   rCorr:     It protects you from acid and corrosion.
   Will:      It increases your willpower.
 F - the +18 shield of the Gong (worn) {rElec rN+ Will+ EV-5}
   (You found it in the Dungeon)

   It is deafeningly noisy when blocking attacks.
   EV:        It affects your evasion (-5).
   rElec:     It insulates you from electricity.
   rN:        It protects you from negative energy.
   Will:      It increases your willpower.
Jewellery
 a - the ring of Moderation {rPois rF- MP+9 Int+4}
   (You found it in the Dungeon)

   [ring of magical power]

   Int:       It affects your intelligence (+4).
   rF:        It makes you vulnerable to fire.
   rPois:     It protects you from poison.
   MP:        It affects your magic capacity (+9).
 c - the macabre finger necklace {rN+}
   (You found it in the Dungeon)

   [amulet of nothing]

   It enables you to equip an extra ring.
   rN:        It protects you from negative energy.
 n - the amulet "Ceots" {Faith Will++}
   (You found it in the Dungeon)

   [amulet of faith]

   It allows you to gain divine favour quickly.
   Will:      It greatly increases your willpower.
 t - the ring "Goanim" (left hand) {EV+4 Int+7}
   (You found it in the Dungeon)

   [ring of evasion]

   EV:        It affects your evasion (+4).
   Int:       It affects your intelligence (+7).
 u - a ring of wizardry
 v - an amulet of guardian spirit
 w - a ring of poison resistance
 H - the ring of Gishisch {rElec MP+9}
   (You found it in the Dungeon)

   [ring of magical power]

   rElec:     It insulates you from electricity.
   MP:        It affects your magic capacity (+9).
 I - the ring "Wewuynwi" (right hand) {rC+ Will+}
   (You found it in the Dungeon)

   [ring of willpower]

   rC:        It protects you from cold.
   Will:      It increases your willpower.
 L - a ring of protection from fire
Wands
 A - a wand of mindburst (7)
 B - a wand of iceblast (7)
 C - a wand of acid (7)
Scrolls
 b - a scroll of brand weapon
 j - 4 scrolls of blinking
 o - 4 scrolls of amnesia
 p - 7 scrolls of fog
 q - a scroll of holy word
 r - 5 scrolls of identify
 s - 2 scrolls of fear
Potions
 d - 4 potions of might
 e - 10 potions of curing
 f - 6 potions of heal wounds
 g - 10 potions of haste
 h - 7 potions of magic
 i - 2 potions of berserk rage
 k - 2 potions of brilliance
 l - 2 potions of invisibility
 m - 4 potions of resistance
Miscellaneous
 D - a lightning rod (4/4)
 J - a box of beasts
 K - a condenser vane


   Skills:
 + Level 12.4 Fighting
 + Level 12.3 Long Blades
 + Level 12.4 Armour
 + Level 12.2 Dodging
 + Level 12.4 Shields
 + Level 12.0 Evocations


You had 10 spell levels left.
You didn't know any spells.
Your spell library contained the following spells:

 Spells                   Type           Power      Damage    Failure   Level
 Magic Dart               Conj           0%         1d3       99%         1
 Summon Small Mammal      Summ           0%         N/A       99%         1
 Corpse Rot               Necr/Air       0%         N/A       100%        2
 Searing Ray              Conj           0%         2d4       100%        2
 Sublimation of Blood     Necr           0%         N/A       100%        2
 Call Canine Familiar     Summ           0%         N/A       100%        3
 Portal Projectile        Hex/Tloc       0%         N/A       100%        3
 Summon Guardian Golem    Hex/Summ       0%         N/A       100%        3
 Tukima's Dance           Hex            0%         N/A       100%        3
 Anguish                  Hex/Necr       0%         N/A       100%        4
 Animate Armour           Summ/Erth      0%         N/A       100%        4
 Cause Fear               Hex            0%         N/A       100%        4
 Fulminant Prism          Conj/Hex       0%         3d6       100%        4
 Leda's Liquefaction      Hex/Erth       0%         N/A       100%        4
 Blade Hands              Tmut           0%         N/A       100%        5
 Summon Forest            Summ/Tloc      0%         N/A       100%        5
 Eringya's Noxious Bog    Tmut/Pois      0%         N/A       100%        6
 Iron Shot                Conj/Erth      0%         9d1       100%        6
 Dragon Form              Tmut           0%         N/A       100%        7
 Enfeeble                 Hex            0%         N/A       100%        7
 Malign Gateway           Summ/Tloc      0%         N/A       100%        7
 Summon Hydra             Summ           0%         N/A       100%        7
 Infestation              Necr           0%         N/A       100%        8
 Summon Horrible Things   Summ           0%         N/A       100%        8
 Dragon's Call            Summ           0%         N/A       100%        9


Dungeon Overview and Level Annotations

Branches:
Dungeon (1/1)


Innate Abilities, Weirdness & Mutations

You have an increased reservoir of magic. (+10% MP)
You shall have no god before yourself.
Your divine heritage dramatically boosts your attributes as you level up.


Message History

You block Rairrafu's attack.
GONNNNG!
The demonspawn black sun hits you but does no damage.
The Brimstone Fiend is engulfed in freezing vapours.
You slice Rairrafu!!
You kill Rairrafu!
You block the demonspawn black sun's attack.
BONNNG!
Your Evocations skill increases to level 12!
You closely miss the demonspawn black sun.
The demonspawn black sun is almost dead.
The Brimstone Fiend is engulfed in freezing vapours.
You closely miss the demonspawn black sun.
The demonspawn black sun is almost dead.
You are no longer berserk.
You are exhausted.
You feel yourself slow down. The smoke demon gestures at you.
You hear a sizzling sound!
The demonspawn black sun invokes the aid of Kikubaaqudgha against you.
The bolt of negative energy hits you! You partially resist.
You feel drained.
Your necklace shatters, unleashing a wave of protective dreams!
You dream of health, friendship, and clouds.
You slice the demonspawn black sun!!
You kill the demonspawn black sun!
The Brimstone Fiend is engulfed in freezing vapours.
The Brimstone Fiend calls on the powers of darkness!
Your body is wracked with pain!
The balrug gestures at you.
You hear a sizzling sound!
The smoke demon gestures at you.
The ball of steam hits your frilled lizard!!
Your frilled lizard dies!
Your frilled lizard's corpse disappears in a puff of smoke!
The ball of steam hits you!
Your endoplasm is engulfed in freezing vapours.
Your endoplasm hits the smoke demon but does no damage.
The Brimstone Fiend gestures at you.
The sphere of damnation explodes!
The damnation engulfs you!!!
You die...

▓..)}.)[
▓§§§§[○§..▓....|).
▓○§§.☼§.§.▓.......
▓°§§.§....▓.......
▓.§§..○...▓.......
▓§○..§§...▓.......
▓J3.§§°§§§▓.......
▓§▓2°§§§▓.▓.▓....)
▓@)1§§....▓....©..
▓▓▓▓▓▓▓▓▓▓▓▓▓▓▓▓▓▓


You could see a Brimstone Fiend (black mark), a balrug (black mark), a smoke
demon (black mark, ally target) and a friendly endoplasm (summoned).

Vanquished Creatures
  A pandemonium lord (D)
  3 liches (D)
  A shadow dragon (D)
  An Executioner (D)
  A cacodemon (D)
  A demonspawn black sun (D)
  5 vault guards (D)
  A soul eater (D)
  3 ugly things (D)
  A smoke demon (D)
  A yaktaur (D)
  An ancient zyme (D)
  A red devil (D)
  A slime creature (D)
  A large abomination (D)
  2 jumping spiders (D)
  2 ynoxinuls (D)
  2 yaks (D)
  2 basilisks (D)
  A golden eye (D)
  A chaos spawn (D)
  An ice beast (shapeshifter) (D)
  A sky beast (shapeshifter) (D)
  An orc warrior (D)
  2 necrophages (D)
  A wolf (D)
  2 phantoms (D)
  A bullfrog (D)
  A scorpion (D)
  4 wights (D)
  2 crimson imps (D)
  2 jellies (D)
  3 orc priests (D)
  An orc wizard (D)
  2 adder zombies (D)
  An adder skeleton (D)
  2 orcs (D)
  A bat skeleton (D)
  A bat zombie (D)
  3 endoplasms (D)
  A jackal (D)
  A jackal zombie (D)
  A quokka skeleton (D)
68 creatures vanquished.

Vanquished Creatures (collateral kills)
  A river rat (D)
  A shadow imp (D)
  A bat skeleton (D)
  A ball python zombie (D)
4 creatures vanquished.

Grand Total: 72 creatures vanquished

Notes
Turn   | Place    | Note
-------+----------+-------------------------------------------
     0 | D        | Revguard the Demigod Fighter began the quest for the Orb.
     0 | D        | Reached XP level 1. HP: 18/18 MP: 3/3
     1 | D        | Found the +6 Majin-Bo {vamp, MP+6 Int+6}
     1 | D        | Found the +9 heavy crossbow "Sniper" {vorpal, Acc+∞ SInv}
     1 | D        | Found the +10 dark maul {vorpal}
     1 | D        | Found the +15 Maxwell's patent armour {-Cast -Tele rElec
                  | Will+ rCorr}
     1 | D        | Found the +18 shield of the Gong {rElec rN+ Will+ EV-5}
     1 | D        | Found the +14 obsidian axe {vorpal, Mesm Drain Fly SInv}
     1 | D        | Found the +7 great mace "Firestarter" {inner flame, rF++}
     1 | D        | Found the +6 shillelagh "Devastator" {shatter}
     1 | D        | Found the +11 plutonium sword {Contam Stlth-}
     1 | D        | Found the +8 lance "Wyrmbane" {slay drac, rPois rF+ rC+
                  | AC+3}
     1 | D        | Found the +9 sword of Zonguldrok {reap}
     1 | D        | Found the +13 scythe of Curses {drain, Drain}
     1 | D        | Found the +5 sword of Power {vorpal}
     1 | D        | Found the +7 mace of Variability {chain chaos}
     1 | D        | Found the +7 Singing Sword {vorpal, sonic wave}
     1 | D        | Found the +8 storm bow {elec, penet}
     3 | D        | Found a transporter.
    49 | D        | Reached XP level 2. HP: 27/27 MP: 4/4
    57 | D        | Entered arena 2.
    57 | D        | Found a transporter.
    62 | D        | Reached XP level 3. HP: 33/33 MP: 5/5
    68 | D        | Entered arena 3.
    68 | D        | Noticed a jumping spider
    68 | D        | Noticed a jumping spider
    68 | D        | Noticed a scorpion
    68 | D        | Found a transporter.
    72 | D        | Killed a scorpion
    73 | D        | Reached XP level 4. HP: 21/41 MP: 6/6
    81 | D        | Killed a jumping spider
    82 | D        | Reached skill level 5 in Fighting
    82 | D        | Reached skill level 5 in Long Blades
    82 | D        | Reached skill level 5 in Armour
    82 | D        | Reached skill level 5 in Shields
    82 | D        | Reached XP level 5. HP: 23/48 MP: 7/7
    90 | D        | Killed a jumping spider
    91 | D        | Reached skill level 5 in Dodging
    91 | D        | Reached skill level 5 in Evocations
    91 | D        | Reached XP level 6. HP: 9/57 MP: 8/8
   344 | D        | Got the amulet "Ceots" {Faith Will++}
   346 | D        | Got Sif Muna's Handbook of Calling and the Traveller
   455 | D        | Entered arena 4.
   455 | D        | Noticed a slime creature
   455 | D        | Found a transporter.
   461 | D        | Killed a slime creature
   463 | D        | Reached XP level 7. HP: 47/64 MP: 9/9
   546 | D        | Entered arena 5.
   546 | D        | Found a transporter.
   593 | D        | Entered arena 6.
   593 | D        | Noticed a purple ugly thing
   593 | D        | Noticed a green ugly thing
   593 | D        | Noticed a white ugly thing
   593 | D        | Found a transporter.
   603 | D        | Killed a purple ugly thing
   604 | D        | Reached XP level 8. HP: 46/73 MP: 10/10
   608 | D        | Killed a green ugly thing
   615 | D        | Killed a green ugly thing
   627 | D        | Got the ring of Gishisch {rElec MP+9}
   630 | D        | Got the ring "Wewuynwi" {rC+ Will+}
   713 | D        | Entered arena 7.
   714 | D        | Found a transporter.
   752 | D        | Got Wudwaf's Handbook of Sinister Rites and the Mountains
   857 | D        | Entered arena 8.
   858 | D        | Found a transporter.
   867 | D        | Reached XP level 9. HP: 82/82 MP: 11/11
   890 | D        | Entered arena 9.
   890 | D        | Found the dreamshard necklace {*Dream Drain}
   891 | D        | Found a transporter.
  1051 | D        | Entered arena 10.
  1086 | D        | Found a transporter.
  1095 | D        | Got the ring of Moderation {rPois rF- MP+9 Int+4}
  1100 | D        | Entered arena 11.
  1100 | D        | Found the macabre finger necklace {rN+}
  1100 | D        | Found the +7 lajatang of Order {silver, rMut}
  1100 | D        | Noticed an ancient zyme
  1100 | D        | Noticed a smoke demon
  1101 | D        | Found a transporter.
  1107 | D        | Killed an ancient zyme
  1107 | D        | Killed a smoke demon
  1159 | D        | Got the ring "Goanim" {EV+4 Int+7}
  1343 | D        | Entered arena 12.
  1343 | D        | Noticed a vault guard
  1343 | D        | Noticed a vault guard
  1343 | D        | Noticed a vault guard
  1343 | D        | Noticed a vault guard
  1343 | D        | Noticed a yaktaur
  1343 | D        | Noticed a lich
  1343 | D        | Noticed a shadow dragon
  1343 | D        | Noticed a lich
  1346 | D        | Noticed a lich
  1346 | D        | Noticed a vault guard
  1352 | D        | Killed a yaktaur
  1352 | D        | Killed a vault guard
  1353 | D        | Reached skill level 10 in Shields
  1353 | D        | Reached XP level 10. HP: 86/93 MP: 13/13
  1353 | D        | Killed a lich
  1353 | D        | Killed a vault guard
  1353 | D        | Killed a vault guard
  1353 | D        | Killed a vault guard
  1354 | D        | Reached skill level 10 in Fighting
  1354 | D        | Reached skill level 10 in Long Blades
  1354 | D        | Reached skill level 10 in Armour
  1354 | D        | Reached skill level 10 in Dodging
  1354 | D        | Reached skill level 10 in Evocations
  1354 | D        | Killed a vault guard
  1354 | D        | Killed a lich
  1355 | D        | Reached XP level 11. HP: 96/102 MP: 14/14
  1359 | D        | Killed a shadow dragon
  1362 | D        | Killed a lich
  1475 | D        | Found a transporter.
  1506 | D        | Entered arena 13.
  1506 | D        | Noticed an Executioner
  1506 | D        | Noticed a balrug
  1506 | D        | Noticed a demonspawn black sun
  1506 | D        | Noticed Rairrafu the pandemonium lord
  1506 | D        | Noticed a cacodemon
  1506 | D        | Noticed a Brimstone Fiend
  1508 | D        | Noticed a soul eater
  1522 | D        | Killed an Executioner
  1529 | D        | Killed a cacodemon
  1532 | D        | Killed a soul eater
  1535 | D        | HP: 5/156 [smoke demon/divine providence (16)]
  1538 | D        | Killed Rairrafu the pandemonium lord
  1541 | D        | Killed a demonspawn black sun
  1541 | D        | Killed from afar by a Brimstone Fiend

Illustrated notes

Levels and vault maps discovered:
D:        sprint_v [room_start, room_1, room_2, room_3, room_4, room_5, room_6,
          room_7, room_8, room_9, room_10, room_11, room_12, room_13, room_14,
          room_15, room_16, room_17, room_18, room_19, room_20, room_21,
          room_22, room_23, room_24, room_25, room_26, room_27]

Skill      XL: |  1  2  3  4  5  6  7  8  9 10 11 |
---------------+----------------------------------+-----
Fighting       | 3 4 5 6 7 8 9 11 12 | 12.4
Long Blades    | 3 4 5 6 7 8 9 11 12 | 12.3
Armour         | 3 4 5 6 7 8 9 11 12 | 12.4
Dodging        | 2 3 4 5 6 7 8 9 11 12 | 12.2
Shields        | 3 4 5 6 7 8 10 11 12 | 12.4
Evocations     | 2 3 4 5 6 7 9 10 12 | 12.0

Action                   |  1- 3 |  4- 6 |  7- 9 | 10-12 || total
-------------------------+-------+-------+-------+-------++-------
Melee: Double sword      |     6 |    17 |   107 |    32 ||   162
Evoke: Condenser vane    |       |       |     2 |     1 ||     3
       Box of beasts     |       |       |       |     1 ||     1
  Use: Potion            |     1 |       |     2 |     5 ||     8
 Stab: Distracted        |       |       |     1 |       ||     1
Armor: Plate armour      |    11 |    14 |    50 |    42 ||   117
Dodge: Dodged            |       |     1 |    14 |    22 ||    37
Block: Kite shield       |    16 |    32 |   180 |    64 ||   292
